 Dungeon Crawl Stone Soup version 0.31.0-11-ge490571c62 (webtiles) character file.

Game seed: 2230258685190563302

93 Buffagor the Chopper (level 4, -1/35 HPs)
             Began as a Formicid Fighter on Feb 10, 2024.
             Slain by an orc
             ... wielding a +0 short sword
              (5 damage)
             ... on level 3 of the Dungeon.
             The game lasted 00:03:47 (1618 turns).

Buffagor the Chopper (Formicid Fighter)             Turns: 1618, Time: 00:03:47

Health: -1/35      AC:  6    Str: 20    XL:     4   Next: 92%
Magic:  4/4        EV:  9    Int:  8    God:
Gold:   79         SH:  5    Dex: 15    Spells: 3/3 levels left

rFire   . . .        a - +0 war axe
rCold   . . .        c - +0 buckler
rNeg    . . .        h - +0 scale mail
rPois   .            (helmet unavailable)
rElec   .            (no cloak)
rCorr   .            (no gloves)
SInv    +            (no boots)
Will    .....        (no amulet) Stlth
                     (no ring)
HPRegen 0.25/turn    (no ring)
MPRegen 0.09/turn

%: no passive effects
@: lethally poisoned (-1 -> -8)
A: permanent stasis, dig shafts and tunnels, antennae 3, four strong arms
a: Dig, Shaft Self


You were on level 3 of the Dungeon.
You visited 1 branch of the dungeon, and saw 3 of its levels.

You collected 79 gold pieces.

Inventory:

Hand Weapons
 a - a +0 war axe (weapon)
 b - a +0 sling
Missiles
 f - 3 poisoned darts
 g - 51 stones (quivered)
 r - a boomerang
Armour
 c - a +0 buckler (worn)
 h - a +0 scale mail (worn)
Jewellery
 q - a ring of magical power
Scrolls
 i - a scroll of enchant armour {unknown}
 j - 2 scrolls of blinking {unknown}
 k - 2 scrolls of amnesia {unknown}
 n - a scroll of immolation {unknown}
 o - a scroll of poison {unknown}
Potions
 d - 2 potions of might
 e - 4 potions of lignification {unknown}
 l - 2 potions of curing {unknown}
 m - a potion of magic {unknown}
 p - a potion of resistance {unknown}


   Skills:
 - Level 3.2 Fighting
 + Level 4.7 Axes
 - Level 3.2 Armour
 - Level 4.0 Shields


You had 3 spell levels left.
You didn't know any spells.
Your spell library was empty.

Dungeon Overview and Level Annotations

Branches:
Dungeon (3/15)

Altars:
Trog

Shops:
D:2 [


Innate Abilities, Weirdness & Mutations

You cannot be hasted, slowed, berserked, paralysed or teleported.
You can dig through walls and to a lower floor.
You have a pair of large antennae on your head. (SInv)
Your four strong arms can wield two-handed weapons with a shield.


Message History

Unknown command.
Unknown command.
Unknown command.
Unknown command.
Unknown command.
Unknown command.
You closely miss the orc.
The orc is heavily wounded.
You feel very sick. You block the orc's attack.
You slash the orc!
You kill the orc!
You hit the orc wizard.
* * * LOW HITPOINT WARNING * * *
You feel very sick.
The orc wizard hits you but does no damage.
Unknown command.
Unknown command.
Unknown command.
Unknown command.
Unknown command.
Unknown command.
Unknown command.
Unknown command.
Unknown command.
Unknown command.
Unknown command.
Unknown command.
Unknown command.
Unknown command.
Unknown command.
You slash the orc!
You kill the orc!
You hit the orc wizard.
* * * LOW HITPOINT WARNING * * *
You feel very sick.
The orc wizard hits you with a +2 dagger of holy wrath.
* * * LOW HITPOINT WARNING * * *
The orc hits you with a +0 short sword.
You die...

#.........### ..#
#....#.....)†..# ..
#....#.........#
#.##....#.........#
.......#.........#
#......#.........#
#.....##.........#
#..oo.##.........#
#)@#####.......##
##....##.......#
#.##..........#
#.###.........#
#.....>......##
###########..# #..#
#..# ####


You could see an orc wizard (invisible) and an orc.

Vanquished Creatures
  3 adders
  A dart slug (D:1)
  4 orcs (D:3)
  9 bats
  9 endoplasms
  A giant cockroach (D:1)
  2 goblins (D:2)
  9 hobgoblins
  5 quokkas (D:1)
  3 ball pythons (D:1)
  A frilled lizard (D:3)
  4 kobolds (D:2)
  6 rats
57 creatures vanquished.

Notes
Turn   | Place    | Note
-------+----------+-------------------------------------------
     0 | D:1      | Buffagor the Formicid Fighter began the quest for the Orb.
     0 | D:1      | Reached XP level 1. HP: 18/18 MP: 1/1
    39 | D:1      | Reached XP level 2. HP: 24/24 MP: 2/2
   279 | D:1      | Reached XP level 3. HP: 29/29 MP: 3/3
   934 | D:2      | Reached XP level 4. HP: 35/35 MP: 4/4
  1106 | D:2      | Found a bloodstained altar of Trog.
  1318 | D:2      | Found Qutelen's Armour Shop.
  1618 | D:3      | Slain by an orc

Illustrated notes

Levels and vault maps discovered:
D:1:      saegor_arrival_miasma, layout_basic
D:2:      cheibrodos_helix_gallery, layout_loops_ring, serial_shops,
          nicolae_shop_tiny_statue_garden, basic_altar, supply_closet_lemuel
D:3:      layout_basic, dreamdust_princess_bridge

Skill      XL: |  1  2  3 |
---------------+----------+-----
Axes           | 3 4 |  4.7
Fighting       | |  3.2
Armour         | |  3.2
Shields        | |  4.0

Action                     |  1- 3 |  4- 6 || total
---------------------------+-------+-------++-------
  Melee: War axe           |    74 |    52 ||   126
   Fire: Sling             |    10 |       ||    10
  Throw: Stone             |       |    10 ||    10
 Armour: Scale mail        |    42 |    39 ||    81
  Dodge: Dodged            |    22 |    28 ||    50
  Block: Buckler           |    20 |    17 ||    37
